Selects Battlefield Espionage Battlegroup
Construct Light Support Kompanie
Selects Intel Disruption Beacon
le.IG 18 Mechanized Group
Pak 38 Anti-tank Gun Team
Construct Panzerarmee Kommand
Construct Mechanized Kompanie
254 Reconnaissance Tractor
le.IG 18 Mechanized Group
Selects 250/3 Funkpanzerwagen
Selects Advanced Ambush Training
Construct Panzerarmee Kommand
Selects Disruption Operation
Walking Stuka Rocket Launcher
Selects Operation Skorpion
Pak 38 Anti-tank Gun Team
Pak 38 Anti-tank Gun Team